 Dungeon Crawl Stone Soup version 0.25-a0-663-gace7076f2c (webtiles) character file.

Game seed: 14438358968339307740, levelgen mode: deterministic

675 DasRunzen the Ducker (level 7, -2/58 HPs)
             Began as a Demigod Gladiator on Mar 25, 2020.
             Killed from afar by a white imp (8 damage)
             ... with a puff of frost
             ... summoned by Eustachio
             ... on level 6 of the Dungeon.
             The game lasted 00:10:54 (5830 turns).

DasRunzen the Ducker (Demigod Gladiator)            Turns: 5830, Time: 00:10:55

Health: -2/58      AC:  5    Str: 17    XL:     7   Next: 11%
Magic:  14/14      EV: 14    Int: 16    God:
Gold:   190        SH:  0    Dex: 17    Spells: 11/11 levels left

rFire    . . .     SeeInvis .   a - +3 long sword
rCold    . . .     Gourm    .   (no shield)
rNeg     . . .     Faith    .   i - -1 leather armour (curse)
rPois    .         Spirit   .   c - +1 helmet
rElec    .         Reflect  .   m - +0 cloak
rCorr    .         Harm     .   p - +0 pair of gloves
MR       .....                  l - +0 pair of boots
Stlth    +.........             (no amulet)
HPRegen  0.19/turn              n - -2 ring of protection (curse)
MPRegen  0.14/turn              (no ring)

@: no status effects
A: high mp 1
a: no special abilities


You were on level 6 of the Dungeon.
You were not hungry.

You visited 1 branch of the dungeon, and saw 6 of its levels.

You collected 190 gold pieces.

Inventory:

Hand Weapons
 a - a +3 long sword (weapon)
Missiles
 d - 5 throwing nets (quivered)
Armour
 b - a +0 leather armour
 c - a +1 helmet (worn)
 i - a cursed -1 leather armour (worn)
 l - a +0 pair of boots (worn)
 m - a +0 cloak (worn)
 p - a +0 pair of gloves (worn)
Jewellery
 n - a cursed -2 ring of protection (left hand)
 t - an uncursed ring of protection from magic {unknown}
Wands
 k - a wand of flame (6)
 r - a wand of iceblast (18)
 u - a wand of polymorph (4)
Scrolls
 e - 4 scrolls of teleportation
 h - 3 scrolls of remove curse
 o - a scroll of blinking
 s - 2 scrolls of fog
Potions
 g - 2 potions of curing
 j - 3 potions of haste
Comestibles
 f - 10 rations
 v - a chunk of flesh


   Skills:
 + Level 3.7 Fighting
 + Level 4.1 Long Blades
 - Level 1.7 Throwing
 + Level 2.9 Armour
 + Level 4.2 Dodging
 + Level 2.6 Spellcasting


You had 11 spell levels left.
You didn't know any spells.
Your spell library contained the following spells:

 Spells                   Type           Power        Failure   Level  Hunger
 Confusing Touch          Hex            #.......     56%         3    ###....
 Gell's Gravitas          Tloc           #.........   56%         3    ###....
 Petrify                  Tmut/Erth      #.......     93%         4    #####..
 Metabolic Englaciation   Hex/Ice        #.........   100%        5    ######.
 Yara's Violent Unravell  Hex/Tmut       #.........   100%        5    ######.


Dungeon Overview and Level Annotations

Branches:
Dungeon (6/15)
 Temple: D:4-7

Shops:
D:5 [

Annotations:
D:6 Eustachio, Menkaure


Innate Abilities, Weirdness & Mutations

You have an increased reservoir of magic. (+10% MP)


Message History

You miss the quasit.
The quasit is almost dead.
The quasit disappears in a puff of smoke!
Eustachio casts a spell.
Eustachio blinks!
You hit the shadow imp.
The shadow imp is moderately wounded.
The shadow imp hits you.
* * * LOW HITPOINT WARNING * * *
The shadow imp hits you but does no damage.
You slash the shadow imp!
You kill the shadow imp!
The white imp puffs mist at you. The white imp closely misses you.
You riposte.
You slash the white imp!
The white imp is severely wounded.
You closely miss the white imp.
The white imp is severely wounded.
The white imp gestures at you. The puff of frost hits you!
You die...

**,,,,,,,**,,,**,,,,,,
*,,,,,,,,,**,**,,,,,,,
***,,,,,,,,,,*,*,,,,,,,,
***,,,,,*,,,,,,*,,,,,,,,,,
*#,,,,**,**********,,,,,,,*
****..##,*,,* *,,,,,,,,
*,,,.....,,** ########**,
*,,,......####### #......#
*,
*,,,....@rbr5@..####......#
*,
*,,,......#####...........#
*, *,,,..###**
#####.......#**, *******
##......#*,, #...<..#*,,
#......#*,, ########***


You could see Eustachio, a river rat, a white imp, a quokka and a bat.

Vanquished Creatures
  A bullfrog zombie (D:5)
  A crimson imp (D:4)
  4 orc priests
  3 orc wizards
  5 worker ants
  A worker ant zombie (D:5)
  4 gnolls (D:2)
  10 adders
  3 worms
  3 dart slugs
  4 leopard geckos
  27 orcs
  8 bats
  5 giant cockroaches
  8 goblins
  8 hobgoblins
  9 jackals
  7 kobolds
  6 quokkas
  A ball python (D:3)
  3 frilled lizards
  11 rats
132 creatures vanquished.

Vanquished Creatures (others)
  An orc wizard (D:3)
1 creature vanquished.

Grand Total: 133 creatures vanquished

Notes
Turn   | Place    | Note
-------+----------+-------------------------------------------
     0 | D:1      | DasRunzen the Demigod Gladiator began the quest for the
                  | Orb.
     0 | D:1      | Reached XP level 1. HP: 17/17 MP: 3/3
   169 | D:1      | Reached XP level 2. HP: 24/24 MP: 4/4
   192 | D:1      | Found an iron altar of Okawaru.
   599 | D:2      | You fall into a shaft and drop 2 floors!
   683 | D:3      | Reached XP level 3. HP: 23/29 MP: 6/6
   705 | D:3      | Reached skill level 1 in Armour
   882 | D:3      | Reached skill level 1 in Spellcasting
   928 | D:3      | Reached XP level 4. HP: 19/37 MP: 6/8
  1715 | D:2      | Found a burning altar of Makhleb.
  2253 | D:2      | Reached XP level 5. HP: 35/42 MP: 8/10
  2449 | D:2      | HP: 1/42 [kobold/+0 short sword (4)]
  4285 | D:4      | Reached XP level 6. HP: 32/51 MP: 11/11
  4350 | D:5      | Entered Level 5 of the Dungeon
  4713 | D:5      | Noticed a +0 dagger
  4714 | D:5      | Noticed a +0 dagger
  4719 | D:5      | Found a hide-covered altar of Uskayaw.
  5250 | D:5      | Reached XP level 7. HP: 14/58 MP: 13/13
  5487 | D:5      | Found Jempinta's Armour Boutique.
  5490 | D:5      | Found a bloodstained altar of Trog.
  5706 | D:6      | Noticed Menkaure
  5771 | D:6      | Noticed Eustachio
  5830 | D:6      | Killed from afar by a white imp

Levels and vault maps discovered:
D:1:      dpeg_arrival_long_road, layout_loops_ring, okawaru_ov_weapons_minmay
D:2:      layout_basic, lemuel_coloured_pillars_altar, first_ration,
          minmay_misc_feat_chi
D:3:      minmay_spotlight, layout_basic
D:4:      layout_basic
D:5:      layout_layer_cave, dancing_weapons_uskayaw, serial_shops, shop,
          bloody_trog
D:6:      layout_rooms, lemuel_round_altar, lemuel_doored_altar,
          portal_sewer_entry_d, uniq_prince_ribbit1, uniq_maggie, uniq_menkaure,
          uniq_eustachio, uniq_blork_the_orc

Skill      XL: |  1  2  3  4  5  6 |
---------------+-------------------+-----
Fighting       | 2 3 |  3.7
Long Blades    | 3 4 |  4.1
Dodging        | 3 4 |  4.2
Armour         | 1 2 |  2.9
Spellcasting   | 1 2 |  2.6
Throwing       | |  1.7

Action                   |  1- 3 |  4- 6 |  7- 9 || total
-------------------------+-------+-------+-------++-------
Melee: Long sword        |    80 |   238 |    70 ||   388
  Use: Scroll            |     4 |     9 |     1 ||    14
       Potion            |       |       |     2 ||     2
 Stab: Distracted        |     1 |     1 |       ||     2
       Sleeping          |       |     3 |       ||     3
  Eat: Chunk             |       |    14 |     2 ||    16
Armor: Leather armour    |    26 |    44 |    23 ||    93
Dodge: Dodged            |    82 |   191 |    77 ||   350
       Rpst.: Long sword |    21 |    52 |    19 ||    92

Table legend:
 A = Non-vault XP
 B = Vault XP
 C = Vault XP percentage of total XP
 D = Non-vault monster count
 E = Vault monster count
 F = Vault count percentage of total count
                 A         B        C        D         E       F
            +---------+---------+-------+---------+---------+-------
      Total |     944 |      21 |   2.2 |     129 |       4 |   3.0
            +---------+---------+-------+---------+---------+-------
        D:1 |      25 |       0 |   0.0 |      16 |       0 |   0.0
        D:2 |     147 |       0 |   0.0 |      31 |       0 |   0.0
        D:3 |     144 |      21 |  12.7 |      37 |       4 |   9.8
        D:4 |     179 |       0 |   0.0 |      11 |       0 |   0.0
        D:5 |     383 |       0 |   0.0 |      28 |       0 |   0.0
        D:6 |      66 |       0 |   0.0 |       6 |       0 |   0.0
            +---------+---------+-------+---------+---------+-------
